 Dungeon Crawl Stone Soup version 0.28.0-43-g3370ac3207 (webtiles) character file.

Game seed: 933594639150364781

232 smarlow the Magician (level 6, -8/40 HPs)
             Began as a Djinni Conjurer on Mar 9, 2022.
             Mangled by a two-headed ogre
             ... wielding a +3 dire flail
              (22 damage)
             ... on level 7 of the Dungeon.
             The game lasted 00:01:57 (3724 turns).

smarlow the Magician (Djinni Conjurer)              Turns: 3724, Time: 00:01:57

Health: -8/40      AC:  2    Str:  6    XL:     6   Next: 25%
Gold:   189        EV: 12    Int: 21    God:
                   SH:  0    Dex: 12

rFire   + + .      SeeInvis .   (no weapon)
rCold   x . .      Faith    .   (no shield)
rNeg    . . .      Spirit   .   a - +0 robe
rPois   ∞          Reflect  .   (no helmet)
rElec   .          Harm     .   (no cloak)
rCorr   .          Rampage  .   (no gloves)
Will    .....                   (boots unavailable)
Stlth   ++........              (no amulet)
HPRegen 0.13/turn               (no ring)
MPRegen 0.00/turn               (no ring)

@: flying
A: sickness immunity, fire resistance 2, cold vulnerability 1, float, innate
caster, HP casting, extra vitality 1
a: no special abilities


You were on level 7 of the Dungeon.
You visited 1 branch of the dungeon, and saw 5 of its levels.

You collected 189 gold pieces.

Inventory:

Armour
 a - a +0 robe (worn)
Jewellery
 l - the amulet of the Saviour {RegenMP Regen+}
   (You found it on level 7 of the Dungeon)

   [amulet of magic regeneration]

   It increases your rate of magic regeneration.
   Regen:     It increases your rate of health regeneration.
Wands
 h - a wand of acid (9)
 m - a wand of paralysis (5)
 n - a wand of flame (12)
Scrolls
 c - 5 scrolls of identify {unknown}
 d - a scroll of enchant weapon {unknown}
 f - a scroll of summoning {unknown}
 g - 2 scrolls of teleportation {unknown}
 i - a scroll of silence {unknown}
Potions
 b - 3 potions of mutation {unknown}
 e - a potion of attraction {unknown}
 j - a potion of flight {unknown}
 k - a potion of brilliance {unknown}


   Skills:
 - Level 2.1 Dodging
 - Level 1.5 Stealth
 + Level 5.5 Spellcasting


You couldn't memorise any spells.
You knew the following spells:

 Your Spells              Type           Power      Damage    Failure   Level
a - Magic Dart            Conj           100%       1d8       1%          1
b - Searing Ray           Conj           58%        2d6       1%          2
c - Dazzling Flash        Conj/Hex       58%        N/A       3%          3
d - Fulminant Prism       Conj/Hex       14%        3d9       11%         4
e - Iskenderun's Mystic   Conj/Tloc      29%        2d7       11%         4
f - Pain                  Necr           100%       1d9       1%          1
g - Blink                 Tloc           58%        N/A       1%          2
Your spell library was empty.

Dungeon Overview and Level Annotations

Branches:
Dungeon (4/15)
 Temple: D:4-7

Altars:
Ashenzari
Dithmenos
Fedhas


Innate Abilities, Weirdness & Mutations

You are immune to sickness and miasma.
You are immune to poison.
Your flesh is very heat resistant. (rF++)
You are vulnerable to cold. (rC-)
You float through the air rather than walking.
You learn spells naturally, not from books.
Your magical power is your life essence.
You have superior vitality. (+4 MHP)


Message History

Found a stone staircase leading down.
You can't see any susceptible monsters within range! (Use Z to cast anyway.)
You now have 183 gold pieces (gained 7).
There is a stone staircase leading down here.
You now have 189 gold pieces (gained 6).
A two-headed ogre comes into view.
It is wielding a +3 dire flail and a +0 giant spiked club.
The magic dart hits the two-headed ogre.
The two-headed ogre is lightly wounded.
The two-headed ogre shouts in stereo!
A two-headed ogre is nearby!
The magic dart hits the two-headed ogre!
The two-headed ogre is moderately wounded.
A two-headed ogre is nearby!
The magic dart hits the two-headed ogre.
The two-headed ogre is moderately wounded.
A two-headed ogre is nearby!
The magic dart hits the two-headed ogre.
The two-headed ogre is moderately wounded.
A two-headed ogre is nearby!
The magic dart hits the two-headed ogre but does no damage.
The two-headed ogre is moderately wounded.
A two-headed ogre is nearby!
The magic dart hits the two-headed ogre but does no damage.
The two-headed ogre is moderately wounded.
The magic dart hits the two-headed ogre.
The two-headed ogre is moderately wounded.
The magic dart hits the two-headed ogre.
The two-headed ogre is heavily wounded.
The two-headed ogre barely misses you.
The two-headed ogre hits you with a +0 giant spiked club!
You are too injured to fight recklessly!
Casting: Magic Dart (safe; 1% risk of failure)
Confirm with . or Enter, or press ? or * to list all spells.
The spell is quite dangerous to miscast (11% risk of failure)!
Continue anyway?
You erupt in a blast of force!
The mystic blast hits the two-headed ogre!
The two-headed ogre is severely wounded.
The two-headed ogre hits you with a +3 dire flail!!
Ouch! That really hurt!
You die...

§..##...#......#
§#..#...#......##......#
#§...#####.#####........
#.<### #.# #.........
.###... #.# #.........
...#.._. #.####.........
#..##...##..............
.#.............O.......
..........#####@.......
###.#####.####.........
#....................
#.####...............
#.#...>.........
#.#.............
#.#.............
..#.............
.##......######.


You could see a two-headed ogre.

Vanquished Creatures
  A necrophage (D:7)
  6 adders
  A worm (D:3)
  2 dart slugs (D:2)
  3 orcs
  7 ball pythons
  7 bats
  8 endoplasms
  4 giant cockroaches
  7 goblins
  3 hobgoblins
  7 jackals
  6 kobolds
  5 quokkas
  4 frilled lizards
  6 rats
77 creatures vanquished.

Vanquished Creatures (others)
  2 plants (D:1)
2 creatures vanquished.

Grand Total: 79 creatures vanquished

Notes
Turn   | Place    | Note
-------+----------+-------------------------------------------
     0 | D:1      | smarlow the Djinni Conjurer began the quest for the Orb.
     0 | D:1      | Reached XP level 1. HP: 15/15 MP: 0/0
   132 | D:1      | Reached XP level 2. HP: 14/21 MP: 0/0
   705 | D:1      | Reached XP level 3. HP: 24/25 MP: 0/0
   705 | D:1      | Learned a level 1 spell: Pain
   857 | D:1      | Reached skill level 4 in Spellcasting
  1549 | D:2      | Reached XP level 4. HP: 29/31 MP: 0/0
  2222 | D:2      | Reached XP level 5. HP: 26/35 MP: 0/0
  2222 | D:2      | Learned a level 2 spell: Blink
  2512 | D:3      | Found a faded altar of an unknown god.
  3283 | D:4      | Reached skill level 5 in Spellcasting
  3374 | D:4      | You are sucked into a shaft and drop 3 floors!
  3462 | D:7      | Noticed a necrophage
  3472 | D:7      | Killed a necrophage
  3473 | D:7      | Reached XP level 6. HP: 28/40 MP: 0/0
  3594 | D:7      | Identified the amulet of the Saviour {RegenMP Regen+}
  3603 | D:7      | Found a shadowy altar of Dithmenos.
  3660 | D:7      | Found a blossoming altar of Fedhas.
  3701 | D:7      | Found a broken altar of Ashenzari.
  3715 | D:7      | Noticed a two-headed ogre
  3724 | D:7      | Mangled by a two-headed ogre

Illustrated notes

Levels and vault maps discovered:
D:1:      dpeg_arrival_arbitrary_a, layout_loops_cross, serial_forest,
          infiniplex_forest_end_1, infiniplex_forest_zigzag_1,
          infiniplex_forest_clump_long, infiniplex_forest_clump_cross,
          infiniplex_forest_lined_corner
D:2:      layout_basic, minmay_tetromino_s2
D:3:      layout_basic, chequers_ecumenical_altar_island, minmay_misc_feat_room
D:4:      layout_rooms, minmay_pentomino_pile, uniq_sigmund
D:7:      layout_rooms, amcnicky_altar_gilded, mainiacjoe_overflow_alcove_1,
          grunt_dithmenos_smoke_and_mirrors, kennysheep_small_square

Skill      XL: |  1  2  3  4  5 |
---------------+----------------+-----
Spellcasting   | 4 5 |  5.5
Dodging        | |  2.1
Stealth        | |  1.5

Action                   |  1- 3 |  4- 6 || total
-------------------------+-------+-------++-------
 Cast: Magic Dart        |    63 |   103 ||   166
       Iskenderun's Myst |       |     1 ||     1
Armor: Robe              |     1 |     4 ||     5
Dodge: Dodged            |     6 |     5 ||    11
